 Dungeon Sprint DCSS version 0.20.1-1-g8b1a95d (webtiles) character file.

3640 potatolord6000 the Thaumaturge (level 9, -10/45 HPs)
             Began as a Deep Elf Summoner on Aug 30, 2017.
             Was a High Priest of Sif Muna.
             Mangled by a death cob (25 damage)
             ... in the Dungeon (Sprint VII: "The Pits").
             The game lasted 00:20:51 (2203 turns).

potatolord6000 the Thaumaturge (Deep Elf Summoner)  Turns: 2203, Time: 00:20:53

Health: -10/45     AC:  8    Str:  5    XL:     9   Next: 87%
Magic:  5/29       EV: 20    Int: 27    God:    Sif Muna [*****.]
Gold:   0          SH:  0    Dex: 15    Spells: 9/37 levels left

rFire    . . .     SeeInvis .   p - staff of energy
rCold    . . .     Gourm    .   (no shield)
rNeg     . . .     Faith    .   j - +0 troll leather armour
rPois    .         Spirit   .   (no helmet)
rElec    .         Reflect  .   (no cloak)
rCorr    .         Harm     .   (no gloves)
MR       .....     NoTele   +   w - +0 pair of boots
Stlth    ++........             (no amulet)
Regen    0.6/turn               d - +3 ring of protection
MPRegen  0.3/turn               q - +3 ring of intelligence

@: very slightly contaminated, slowed, very slow
A: no striking features
a: Divine Energy, Channel Magic, Forget Spell, Renounce Religion


You were in the Dungeon.
You worshipped Sif Muna.
Sif Muna was extremely pleased with you.
You were not hungry.

You visited 1 branch

Inventory:

Armour
 a - a +0 robe
 j - a +0 troll leather armour (worn)
 w - a +0 pair of boots (worn)
Magical Staves
 p - an uncursed staff of energy (weapon)
Jewellery
 d - a +3 ring of protection (left hand)
 q - a +3 ring of intelligence (right hand)
Scrolls
 k - 3 scrolls of remove curse
 l - 5 scrolls of amnesia
 m - a scroll of summoning
Potions
 e - 6 potions of heal wounds
 f - 5 potions of curing
 g - 2 potions of magic
 h - 4 potions of berserk rage
 r - a potion of might
 s - 2 potions of brilliance
 t - a potion of resistance
 v - a potion of agility
Books
 b - a book of Callings

   Spells                             Type                      Level
   a - Summon Small Mammal            Summoning                    1
   b - Call Imp                       Summoning                    2
   c - Call Canine Familiar           Summoning                    3
   d - Summon Guardian Golem          Hexes/Summoning              3
   e - Summon Lightning Spire         Summoning/Air                4
   f - Summon Ice Beast               Ice/Summoning                4
 x - Sif Muna's Compendium of the Icy Escort
   (Sif Muna gifted it to you in the Dungeon)

   Spells                             Type                      Level
   a - Call Canine Familiar           Summoning                    3
   b - Ice Form                       Ice/Transmutation            4
   c - Shadow Creatures               Summoning                    6
   d - Spellforged Servitor           Conjuration/Summoning        7
   e - Monstrous Menagerie            Summoning                    7
   f - Summon Hydra                   Summoning                    7
   g - Glaciate                       Conjuration/Ice              9
   h - Dragon's Call                  Summoning                    9
Comestibles
 c - 8 bread rations
 n - 40 fruits
 o - 6 meat rations


   Skills:
 + Level 11.3 Staves
 + Level 13.6 Dodging
 - Level 2.4 Stealth
 + Level 14.7 Spellcasting
 + Level 13.0 Summonings
 + Level 2.1 Evocations


You had 9 spell levels left.
You knew the following spells:

 Your Spells              Type           Power        Failure   Level  Hunger
a - Monstrous Menagerie   Summ           ######....   17%         7    None
b - Call Canine Familiar  Summ           ######..     1%          3    None
d - Summon Ice Beast      Ice/Summ       ######..     3%          4    None
f - Spellforged Servitor  Conj/Summ      ######....   95%         7    None
g - Summon Hydra          Summ           ######....   17%         7    None


Dungeon Overview and Level Annotations

Branches:
Dungeon (1/1)

Altars:
Ashenzari
Cheibriados
Dithmenos
Elyvilon
Fedhas
Gozag
Hepliaklqana
Kikubaaqudgha
Makhleb
Nemelex Xobeh
Okawaru
Qazlal
Ru
Sif Muna
Trog
Uskayaw
Vehumet
Xom
Yredelemnul
Zin
The Shining One
Beogh
Jiyva
Lugonu


Message History

A molten gargoyle comes into view. It is wielding a mace.
The death cob misses you. x2
Your lindwurm breathes flames at the death cob.
The blast of flame hits the death cob.
The death cob closely misses you.
Your harpy claws the death cob.
Your harpy claws the death cob but does no damage.
The death cob hits you!!
Ouch! That really hurt!
The death cob drains your vigour!
You feel yourself slow down.
The molten gargoyle barely misses your lindwurm.
A neqoxec comes into view.
There is an open door, spattered with blood here.
You see here 2 stones.
You feel much better. The death cob hits you!!
Ouch! That really hurt!
The death cob drains your vigour!
You feel as though you will be slow longer.
The death cob hits you!!
Ouch! That really hurt!
You die...

###''###### .##)÷#
##### #######
.##..###...###..+...#
.##...##...##..##...###
.###...##)##(.###...3.#
.#
##(()(.)....##..9#..#
.# #((###)###...##'##
..#
.##(.##..:..##.(#k..#
.#
###..+....)..+.†@zH.+ +
###..##.....##..#...#
[###..###)###...##+##
[# ##..........## )#
#...##†##..## )##...
#...##..# )##..
#...###..+ #### #####
###


You could see a death cob, a neqoxec, a molten gargoyle, a friendly lindwurm and
a friendly harpy.

Vanquished Creatures
  A leopard gecko (D)
  An orc (D)
  A ball python (D)
  A frilled lizard (D)
4 creatures vanquished.

Vanquished Creatures (collateral kills)
  A hydra (D)
  A deep troll (D)
  An orc knight (D)
  A rust devil (D)
  2 manticores (D)
  A red devil (D)
  A merfolk (D)
  A jumping spider (D)
  A hornet (D)
  Prince Ribbit (D)
  A bog body (D)
  11 dream sheep (D)
  A flying skull (D)
  2 hungry ghosts (D)
  A sky beast (D)
  2 orc warriors (D)
  An ice beast (D)
  A centaur (D)
  2 big kobolds (D)
  2 gnoll sergeants (D)
  A small abomination (D)
  A scorpion (D)
  A crimson imp (D)
  A quasit (D)
  A jelly (D)
  4 gnolls (D)
  An adder (D)
  2 orcs (D)
  A bat skeleton (D)
  A bat zombie (D)
  A giant cockroach (D)
  A hobgoblin (D)
  A quokka (D)
  2 kobolds (D)
54 creatures vanquished.

Grand Total: 58 creatures vanquished

Notes
Turn   | Place    | Note
-------+----------+-------------------------------------------
     0 | D        | potatolord6000 the Deep Elf Summoner began the quest for the Orb.
     0 | D        | Reached XP level 1. HP: 10/10 MP: 6/6
    54 | D        | Found a bloodstained altar of Trog.
    54 | D        | Found a deep blue altar of Sif Muna.
    54 | D        | Found a viscous altar of Jiyva.
    54 | D        | Found a hazy altar of Hepliaklqana.
    54 | D        | Found an opulent altar of Gozag.
    55 | D        | Found a glowing golden altar of the Shining One.
    55 | D        | Found a glowing silver altar of Zin.
    55 | D        | Found a basalt altar of Yredelemnul.
    55 | D        | Found a shimmering altar of Xom.
    55 | D        | Found a sacrificial altar of Ru.
    55 | D        | Found a stormy altar of Qazlal.
    55 | D        | Found an iron altar of Okawaru.
    55 | D        | Found a sparkling altar of Nemelex Xobeh.
    55 | D        | Found a burning altar of Makhleb.
    55 | D        | Found a blossoming altar of Fedhas.
    55 | D        | Found a white marble altar of Elyvilon.
    55 | D        | Found a shadowy altar of Dithmenos.
    55 | D        | Found a snail-covered altar of Cheibriados.
    58 | D        | Found a corrupted altar of Lugonu.
    58 | D        | Found a radiant altar of Vehumet.
    58 | D        | Found a roughly hewn altar of Beogh.
    59 | D        | Found an ancient bone altar of Kikubaaqudgha.
    59 | D        | Found a hide-covered altar of Uskayaw.
    59 | D        | Found a shattered altar of Ashenzari.
    60 | D        | Became a worshipper of Sif Muna the Loreminder
    84 | D        | Reached skill level 4 in Spellcasting
    84 | D        | Reached skill level 5 in Summonings
    98 | D        | Reached XP level 2. HP: 15/15 MP: 5/9
   116 | D        | Noticed a crimson imp
   142 | D        | Reached * piety under Sif Muna
   142 | D        | Reached skill level 1 in Staves
   193 | D        | Killed a crimson imp
   193 | D        | Reached skill level 5 in Spellcasting
   193 | D        | Reached XP level 3. HP: 14/19 MP: 3/11
   198 | D        | Learned a level 3 spell: Call Canine Familiar
   202 | D        | Learned a level 3 spell: Summon Guardian Golem
   320 | D        | Noticed an ice beast
   322 | D        | Noticed a hungry ghost
   394 | D        | Killed a hungry ghost
   394 | D        | Reached ** piety under Sif Muna
   394 | D        | Reached skill level 5 in Dodging
   394 | D        | Reached skill level 6 in Spellcasting
   394 | D        | Reached XP level 4. HP: 24/24 MP: 3/14
   407 | D        | Noticed a big kobold
   590 | D        | Killed an ice beast
   590 | D        | Reached skill level 7 in Spellcasting
   590 | D        | Reached XP level 5. HP: 28/28 MP: 6/17
   606 | D        | Reached *** piety under Sif Muna
   606 | D        | Reached skill level 5 in Staves
   606 | D        | Reached skill level 8 in Spellcasting
   728 | D        | Learned a level 4 spell: Summon Ice Beast
   733 | D        | Learned a level 4 spell: Summon Lightning Spire
   770 | D        | Noticed a manticore
   783 | D        | Killed a manticore
   783 | D        | Reached skill level 9 in Spellcasting
   783 | D        | Reached XP level 6. HP: 32/32 MP: 4/20
  1021 | D        | Noticed a flying skull
  1021 | D        | Noticed Prince Ribbit
  1033 | D        | Reached **** piety under Sif Muna
  1033 | D        | Reached skill level 10 in Spellcasting
  1039 | D        | Killed a flying skull
  1039 | D        | Reached XP level 7. HP: 36/36 MP: 10/22
  1053 | D        | Killed Prince Ribbit
  1132 | D        | Noticed a jumping spider
  1144 | D        | Killed a jumping spider
  1144 | D        | Reached skill level 10 in Dodging
  1144 | D        | Reached skill level 11 in Spellcasting
  1144 | D        | Reached skill level 10 in Summonings
  1301 | D        | Noticed a dream sheep
  1301 | D        | Noticed a dream sheep
  1302 | D        | Noticed a dream sheep
  1305 | D        | Noticed a dream sheep
  1306 | D        | Noticed a dream sheep
  1308 | D        | Killed a dream sheep
  1311 | D        | Killed a dream sheep
  1311 | D        | Reached ***** piety under Sif Muna
  1315 | D        | Killed a dream sheep
  1315 | D        | Identified Sif Muna's Compendium of the Icy Escort (Sif Muna gifted it to you in the Dungeon)
  1315 | D        | Received a gift from Sif Muna
  1318 | D        | Reached XP level 8. HP: 35/41 MP: 9/25
  1319 | D        | Killed a dream sheep
  1320 | D        | Killed a dream sheep
  1320 | D        | Reached skill level 12 in Spellcasting
  1413 | D        | Learned a level 7 spell: Spellforged Servitor
  1421 | D        | Learned a level 7 spell: Summon Hydra
  1552 | D        | Learned a level 7 spell: Monstrous Menagerie
  1559 | D        | Noticed a merfolk
  1573 | D        | Killed a merfolk
  1692 | D        | Noticed an orc knight
  1692 | D        | Noticed a rust devil
  1722 | D        | Killed a rust devil
  1762 | D        | Killed an orc knight
  1762 | D        | Reached skill level 13 in Spellcasting
  1771 | D        | Noticed a red devil
  1771 | D        | Noticed a seven-headed hydra
  1772 | D        | Noticed a dream sheep
  1780 | D        | Killed a red devil
  1780 | D        | Reached skill level 10 in Staves
  1780 | D        | Reached XP level 9. HP: 25/45 MP: 8/28
  1783 | D        | Killed a seven-headed hydra
  1791 | D        | Received a gift from Sif Muna
  1808 | D        | Identified Sif Muna's Tome of Dark Rites (Sif Muna gifted it to you in the Dungeon)
  1919 | D        | Noticed a deep troll
  1922 | D        | Reached skill level 14 in Spellcasting
  1930 | D        | Killed a deep troll
  2067 | D        | Reached skill level 1 in Evocations
  2176 | D        | Noticed a manticore
  2186 | D        | Killed a manticore
  2195 | D        | Noticed a death cob
  2201 | D        | Noticed a molten gargoyle
  2203 | D        | Mangled by a death cob

Skill      XL: |  1  2  3  4  5  6  7  8  9 |
---------------+----------------------------+-----
Dodging        | 3 4 5 6 9 10 12 13 | 13.6
Spellcasting   | 4 5 6 7 9 10 11 13 14 | 14.7
Summonings     | 5 6 7 9 10 11 13 | 13.0
Staves         | 2 3 4 6 7 8 10 11 | 11.3
Evocations     | 2 |  2.1
Stealth        | |  2.4

Action                   |  1- 3 |  4- 6 |  7- 9 || total
-------------------------+-------+-------+-------++-------
Melee: Staff             |    35 |       |     2 ||    37
 Cast: Summon Small Mamm |    22 |     3 |       ||    25
       Summon Guardian G |     3 |     6 |     3 ||    12
       Call Canine Famil |     2 |     7 |    13 ||    22
       Summon Ice Beast  |       |     6 |    23 ||    29
       Summon Lightning  |       |     1 |       ||     1
       Monstrous Menager |       |       |     9 ||     9
       Summon Hydra      |       |       |     1 ||     1
Invok: Forget Spell      |       |       |     3 ||     3
Evoke: Staff of energy   |     1 |     1 |     1 ||     3
  Use: Potion            |     3 |     2 |     6 ||    11
       Scroll            |       |       |     1 ||     1
  Eat: Meat ration       |       |       |     1 ||     1
Armor: Robe              |     8 |       |     1 ||     9
Dodge: Dodged            |    42 |     7 |    15 ||    64
